 Dungeon Crawl Stone Soup version 0.26-a0-683-g5206c1d7ac (webtiles) character file.

Game seed: 15070206634303205926

86 strifetoe the Chopper (level 4, -2/40 HPs)
             Began as a Palentonga Fighter on Oct 23, 2020.
             Slain by an ogre
             ... wielding a +0 giant club
              (13 damage)
             ... on level 4 of the Dungeon.
             The game lasted 00:01:56 (2180 turns).

strifetoe the Chopper (Palentonga Fighter)          Turns: 2180, Time: 00:01:56

Health: -2/40      AC:  6    Str: 21    XL:     4   Next: 27%
Magic:  4/4        EV:  5    Int:  8    God:
Gold:   133        SH:  8    Dex:  9    Spells: 3/3 levels left

rFire    . . .     SeeInvis +   a - +0 war axe
rCold    . . .     Faith    .   c - +0 kite shield
rNeg     . . .     Spirit   .   b - +0 scale mail
rPois    .         Reflect  .   (no helmet)
rElec    .         Harm     .   (no cloak)
rCorr    .         Rampage  .   (no gloves)
MR       .....                  (no barding)
Stlth    ..........             (no amulet)
HPRegen  0.13/turn              (no ring)
MPRegen  0.09/turn              (no ring)

@: no status effects
A: large, rugged brown scales 3, see invisible, deformed body, roll, armoured
tail
a: Rolling Charge


You were on level 4 of the Dungeon.
You visited 1 branch of the dungeon, and saw 4 of its levels.

You collected 133 gold pieces.

Inventory:

Hand Weapons
 a - a +0 war axe (weapon)
Armour
 b - a +0 scale mail (worn)
 c - a +0 kite shield (worn)
Jewellery
 n - an uncursed ring of wizardry
Wands
 m - a wand of random effects (5)
Scrolls
 g - a scroll of enchant armour {unknown}
 i - a scroll of teleportation {unknown}
 j - 2 scrolls of enchant weapon {unknown}
Potions
 d - a potion of might
 e - a potion of stabbing {unknown}
 f - 2 potions of invisibility {unknown}
 h - a potion of lignification {unknown}
 k - a potion of resistance {unknown}
 l - a potion of degeneration {unknown}


   Skills:
 - Level 3.0 Fighting
 + Level 4.6 Axes
 - Level 2.4 Armour
 - Level 2.4 Shields


You had 3 spell levels left.
You didn't know any spells.
Your spell library was empty.

Dungeon Overview and Level Annotations

Branches:
Dungeon (3/15)

Altars:
Gozag


Innate Abilities, Weirdness & Mutations

You are completely covered in rugged brown scales. (AC +3, +7% HP)
You have supernaturally acute eyesight. (SInv)
Armour fits poorly on your strangely shaped body.
You can roll at foes to attack.
You have a long armoured tail.


Message History

The ogre flickers and vanishes for a moment.
Evoke which item? (* to show all) (? for menu, Esc to quit)
Aiming: Random Effects
Press: ? - help, Shift-Dir - straight line, f/p - ogre
Aim: an ogre, wielding a +0 giant club (lightly wounded, slightly transparent)
The ogre twists and deforms.
A frilled lizard comes into view.
Evoke which item? (* to show all) (? for menu, Esc to quit)
Aiming: Random Effects
Press: ? - help, Shift-Dir - straight line, f/p - ogre
Aim: an ogre, wielding a +0 giant club (lightly wounded, slightly transparent, misshapen and mutated)
The mass of ice explodes!
The iceblast engulfs the ogre!
The ogre is heavily wounded.
The iceblast engulfs you! The ogre hits you with a +0 giant club!
* * * LOW HITPOINT WARNING * * *
Unknown command.
You hit the ogre but do no damage.
The ogre is heavily wounded.
The ogre hits you with a +0 giant club!
You die...

.........#.
..........# #
..........#.#
......l...#.##
...........#.###
...........#...#
...........#...
.......O....########
.......@.......#..8#
######............_#
##........#..8#
##..########## ##.#
##.## #..# ##.##
#..#


You could see an ogre (invisible, misshapen) and a frilled lizard.

Vanquished Creatures
  2 adders
  2 oozes
  A worm (D:2)
  A dart slug (D:2)
  2 leopard geckos
  3 orcs (D:3)
  A giant cockroach (D:1)
  6 hobgoblins
  2 quokkas
  6 bats
  2 frilled lizards (D:1)
  11 goblins
  4 kobolds
  5 rats
48 creatures vanquished.

Notes
Turn   | Place    | Note
-------+----------+-------------------------------------------
     0 | D:1      | strifetoe the Palentonga Fighter began the quest for the
                  | Orb.
     0 | D:1      | Reached XP level 1. HP: 20/20 MP: 1/1
   201 | D:1      | Reached XP level 2. HP: 24/27 MP: 2/2
   421 | D:1      | Reached skill level 3 in Axes
   937 | D:2      | Reached XP level 3. HP: 33/33 MP: 3/3
  1320 | D:2      | Reached skill level 4 in Axes
  1776 | D:3      | Reached XP level 4. HP: 21/40 MP: 4/4
  2120 | D:3      | You fall into a shaft and drop 1 floor!
  2149 | D:4      | Found an opulent altar of Gozag.
  2173 | D:4      | Noticed an ogre
  2180 | D:4      | Slain by an ogre

Illustrated notes

Levels and vault maps discovered:
D:1:      dpeg_arrival_long_road, layout_basic, minmay_misc_feat_tower
D:2:      layout_basic
D:3:      layout_basic, cheibriados_altar_1, guppyfry_early_orc_mine,
          uniq_terence
D:4:      layout_cave_pods, grunt_gozag_breadcrumbs

Skill      XL: |  1  2  3 |
---------------+----------+-----
Axes           | 3 4 |  4.6
Fighting       | |  3.0
Armour         | |  2.4
Shields        | |  2.4

Action                   |  1- 3 |  4- 6 || total
-------------------------+-------+-------++-------
Melee: War axe           |   104 |    30 ||   134
       Tailslap          |    10 |     3 ||    13
Evoke: Wand              |       |     4 ||     4
Armor: Scale mail        |    58 |    18 ||    76
Dodge: Dodged            |    21 |    11 ||    32
Block: Kite shield       |    52 |    24 ||    76

Table legend: (Time is in decaauts)
 A = Elapsed time spent in this place.
 B = Non-inter-level travel time spent in this place.
 C = Inter-level travel time spent in this place.
 D = Time resting spent in this place.
 E = Time spent auto-exploring this place.
 F = Levels seen in this place.
 G = Mean time per level.
                   A        B        C        D        E       F      G
               +--------+--------+--------+--------+--------+-----+--------+
         Total |   2233 |   2201 |     32 |     89 |   1801 |   4 |  558.2 |
       Dungeon |   2233 |   2201 |     32 |     89 |   1801 |   4 |  558.2 |
               +--------+--------+--------+--------+--------+-----+--------+

Top non-repeatable levels by time:
     D:1: 899 daAuts
     D:2: 812 daAuts
     D:3: 461 daAuts
     D:4: 59 daAuts
